 Dungeon Crawl Stone Soup version 0.25-a0-290-g4a1327ee3a (webtiles) character file.

Game seed: 4196355415569564250, levelgen mode: classic

43 Borgoz the Skirmisher (level 3, -3/36 HPs)
             Began as a Kobold Fighter on Dec 15, 2019.
             Slain by Sigmund
             ... wielding a +0 scythe
              (8 damage)
             ... on level 2 of the Dungeon.
             The game lasted 00:01:43 (1036 turns).

Borgoz the Skirmisher (Kobold Fighter)              Turns: 1036, Time: 00:01:43

Health: -3/36      AC:  6    Str: 17 (19) XL:     3   Next: 82%
Magic:  3/3        EV:  9    Int:  8 (9)  God:
Gold:   39         SH: 13    Dex: 11 (14) Spells: 2/2 levels left

rFire    . . .     SeeInvis .   a - +0 rapier
rCold    . . .     Gourm    .   c - +0 shield
rNeg     . . .     Faith    .   b - +0 scale mail
rPois    .         Spirit   .   (no helmet)
rElec    .         Reflect  +   (no cloak)
rCorr    .         Harm     .   (no gloves)
MR       .....                  (no boots)
Stlth    ..........             n - +5 amulet of reflection
HPRegen  0.12/turn              (no ring)
MPRegen  0.08/turn              (no ring)

@: mighty, berserking, very quick
A: small, carnivore
a: no special abilities


You were on level 2 of the Dungeon.
You were very full.

You visited 1 branch of the dungeon, and saw 2 of its levels.

You collected 39 gold pieces.

Inventory:

Hand Weapons
 a - a +0 rapier (weapon)
Armour
 b - a +0 scale mail (worn)
 c - a +0 shield (worn)
Jewellery
 l - an uncursed ring of wizardry
 n - a +5 amulet of reflection (around neck)
Scrolls
 i - a scroll of enchant armour {unknown}
 k - a scroll of identify {unknown}
 o - a scroll of enchant weapon {unknown}
Potions
 m - a potion of haste {unknown}
 p - a potion of mutation {unknown}
Comestibles
 f - 2 rations


   Skills:
 * Level 3.8 Fighting
 * Level 3.5 Short Blades
 + Level 2.5 Armour
 * Level 1.5 Dodging
 + Level 1.1 Stealth
 - Level 2.4 Shields


You had 2 spell levels left.
You didn't know any spells.
Your spell library was empty.

Dungeon Overview and Level Annotations

Branches:
Dungeon (2/15)

Altars:
Zin

Annotations:
D:2 Sigmund


Innate Abilities, Weirdness & Mutations

You are small and have problems with some larger weapons.
You are carnivorous and can eat meat at any time.


Message History

You puncture something! Something completely misses you.
You closely miss something. Something hits you!
You miss something. You miss something. You block something's attack.
Your shield prevents you from hitting something.
Something hits you!
* * * LOW HITPOINT WARNING * * *
It was a potion of berserk rage.
A red film seems to cover your vision as you go berserk!
You feel yourself moving faster!
You feel mighty!
You miss something.
You hear some strange, mumbled words.
A magic dart appears from out of thin air!
The magic dart hits you.
* * * LOW HITPOINT WARNING * * *
Your scale mail prevents you from hitting something.
Something hits you but does no damage.
You miss something. You puncture something! Something hits you!
You die...

.......########..#.#.##)# #..#
.......##### #..#.#.##.######..#
...........# #..#.#.##.........#
...........####....#.##########.#
...................#.. .........
...........####.#..#.############
................##.#.......
######.....#######.........
#.........=@{g........
#.....########........ #.....#
#.>...... #.....# ###......
#.....# ###### #.....# ####.##
###### ......


You could see a hobgoblin.

Vanquished Creatures
  A gnoll (D:1)
  3 dart slugs
  2 giant cockroaches
  A goblin (D:2)
  5 hobgoblins
  4 jackals (D:1)
  5 kobolds
  A bat (D:1)
  A frilled lizard (D:1)
  3 rats
26 creatures vanquished.

Notes
Turn   | Place    | Note
-------+----------+-------------------------------------------
     0 | D:1      | Borgoz the Kobold Fighter began the quest for the Orb.
     0 | D:1      | Reached XP level 1. HP: 14/14 MP: 1/1
    11 | D:1      | Reached XP level 2. HP: 14/19 MP: 2/2
   147 | D:1      | Reached skill level 1 in Dodging
   394 | D:1      | Reached skill level 1 in Stealth
   459 | D:1      | Reached XP level 3. HP: 23/23 MP: 3/3
   946 | D:2      | Found a glowing silver altar of Zin.
  1006 | D:2      | Noticed Sigmund
  1036 | D:2      | Slain by Sigmund

Levels and vault maps discovered:
D:1:      lightli_iron_boxes, layout_basic
D:2:      layout_basic, zin_academy, uniq_sigmund

Skill      XL: |  1  2 |
---------------+-------+-----
Short Blades   | 3 |  3.5
Dodging        | 1 |  1.5
Stealth        | 1 |  1.1
Fighting       | |  3.8
Armour         | |  2.5
Shields        | |  2.4

Action                   || total
-------------------------++-------
Melee: Rapier            ||   101
  Use: Potion            ||     3
       Scroll            ||     1
  Eat: Chunk             ||     7
Armor: Scale mail        ||    24
Dodge: Dodged            ||    22
Block: Shield            ||    40
       Reflection        ||     1

Table legend:
 A = Non-vault XP
 B = Vault XP
 C = Vault XP percentage of total XP
 D = Non-vault monster count
 E = Vault monster count
 F = Vault count percentage of total count
                 A         B        C        D         E       F
            +---------+---------+-------+---------+---------+-------
      Total |      62 |       0 |   0.0 |      26 |       0 |   0.0
            +---------+---------+-------+---------+---------+-------
        D:1 |      43 |       0 |   0.0 |      17 |       0 |   0.0
        D:2 |      19 |       0 |   0.0 |       9 |       0 |   0.0
            +---------+---------+-------+---------+---------+-------
